 Dungeon Crawl Stone Soup version 0.22-a0-126-g307c7c3 (webtiles) character file.

3633 TheGoonsmith the Magician (level 10, -2/73 HPs)
             Began as a Gnoll Ice Elementalist on Jan 29, 2018.
             Was a Follower of Cheibriados.
             Killed from afar by an electric eel (7 damage)
             ... with a bolt of electricity
             ... on level 7 of the Dungeon on Jan 30, 2018.
             The game lasted 00:16:46 (7693 turns).

TheGoonsmith the Magician (Gnoll Ice Elementalist)  Turns: 7693, Time: 00:16:48

Health: -2/73      AC:  9    Str: 15    XL:     10   Next: 11%
Magic:  20/20      EV: 16    Int: 21    God:    Cheibriados [*.....]
Gold:   262        SH:  0    Dex: 17    Spells: 19/23 levels left

rFire    . . .     SeeInvis .   b - +0 shortbow
rCold    + . .     Gourm    .   (shield currently unavailable)
rNeg     . . .     Faith    .   p - +2 leather armour {MR+}
rPois    .         Spirit   .   h - +1 helmet
rElec    .         Reflect  .   n - +0 cloak
rCorr    +         Harm     .   (no gloves)
MR       +....                  (no boots)
Stlth    +++.......             (no amulet)
HPRegen  0.22/turn              l - ring of protection from cold
MPRegen  0.17/turn              v - ring of resist corrosion

@: very slow
A: distributed training, fangs 1, strong nose
a: Bend Time, Renounce Religion


You were on level 7 of the Dungeon.
You worshipped Cheibriados.
Cheibriados was aware of your devotion.
You were not hungry.

You visited 2 branches of the dungeon, and saw 8 of its levels.

You collected 262 gold pieces.

Inventory:

Hand Weapons
 a - the +1 flail of Gusucoh {flame, Str+3}
   (You found it on level 4 of the Dungeon)

   It has been specially enchanted to burn those struck by it, causing extra
   injury to most foes and up to half again as much damage against particularly
   susceptible opponents.
   It affects your strength (+3).
 b - a +0 shortbow (weapon)
 f - a +0 club
 k - a +0 mace
 q - a +1 hunting sling
Missiles
 j - 18 sling bullets
 o - 283 stones
 t - 28 arrows (quivered)
Armour
 h - a +1 helmet (worn)
 n - a +0 cloak (worn)
 p - a +2 leather armour of magic resistance (worn)
 r - a +0 robe
 D - a +1 ring mail of magic resistance
Jewellery
 l - a ring of protection from cold (left hand)
 v - a ring of resist corrosion (right hand)
 E - an uncursed amulet of guardian spirit
 I - an uncursed ring of stealth {unknown}
 J - a cursed -2 ring of dexterity {unknown}
Wands
 B - a wand of disintegration (11)
 K - a wand of iceblast (10)
Scrolls
 d - 5 scrolls of amnesia
 e - a scroll of fear
 g - 5 scrolls of teleportation
 y - 3 scrolls of remove curse
 H - a scroll of enchant weapon
 M - a scroll of blinking {unknown}
Potions
 m - 3 potions of lignification
 s - 2 potions of flight
 u - a potion of mutation
 w - a potion of curing {unknown}
 x - 2 potions of agility
 z - 2 potions of brilliance
 C - a potion of resistance {unknown}
 F - 2 potions of heal wounds
 G - a potion of cancellation {unknown}
Books
 i - a book of Frost

   Spells                             Type                      Level
   a - Freeze                         Ice                          1
   b - Throw Frost                    Conjuration/Ice              2
   c - Ozocubu's Armour               Charms/Ice                   3
   d - Throw Icicle                   Conjuration/Ice              4
   e - Summon Ice Beast               Ice/Summoning                4
 A - a book of Conjurations

   Spells                             Type                      Level
   a - Magic Dart                     Conjuration                  1
   b - Searing Ray                    Conjuration                  2
   c - Dazzling Spray                 Conjuration/Hexes            3
   d - Fulminant Prism                Conjuration/Hexes            4
   e - Force Lance                    Conjuration/Translocation    4
   f - Iskenderun's Mystic Blast      Conjuration                  4
Comestibles
 c - 9 rations
 L - 2 chunks of flesh


   Skills:
 + Level 4.9 Fighting
 + Level 4.9 Short Blades
 + Level 4.9 Long Blades
 + Level 4.9 Axes
 + Level 4.9 Maces & Flails
 + Level 4.9 Polearms
 + Level 4.9 Staves
 + Level 4.9 Slings
 + Level 4.9 Bows
 + Level 4.9 Crossbows
 + Level 4.9 Throwing
 + Level 4.9 Armour
 + Level 6.7 Dodging
 + Level 6.5 Stealth
 + Level 4.9 Shields
 + Level 4.9 Unarmed Combat
 + Level 7.1 Spellcasting
 + Level 4.6 Conjurations
 + Level 4.0 Hexes
 + Level 4.0 Charms
 + Level 4.0 Summonings
 + Level 4.0 Necromancy
 + Level 4.0 Translocations
 + Level 4.0 Transmutations
 + Level 4.0 Fire Magic
 + Level 6.9 Ice Magic
 + Level 4.0 Air Magic
 + Level 4.0 Earth Magic
 + Level 4.0 Poison Magic
 + Level 5.3 Invocations
 + Level 4.9 Evocations


You had 19 spell levels left.
You knew the following spells:

 Your Spells              Type           Power        Failure   Level  Hunger
a - Freeze                Ice            ####         1%          1    None
c - Ozocubu's Armour      Chrm/Ice       ####....     3%          3    #......


Dungeon Overview and Level Annotations

Branches:
Dungeon (7/15)             Temple (1/1) D:6

Altars:
Cheibriados
Fedhas
Gozag
Makhleb
Nemelex Xobeh
Okawaru
Trog
Uskayaw
Vehumet
Wu Jian
Xom
Yredelemnul
Zin
The Shining One

Shops:
D:4 %

Annotations:
D:7 BigFatTexta's ghost, novice MiBe


Innate Abilities, Weirdness & Mutations

Your experience applies equally to all skills.
You have very sharp teeth.
Your uncanny sense of smell can sniff out nearby items.


Message History

The arrow closely misses the electric eel.
You hear a splash.
The electric eel shoots out a bolt of lightning at you!
The bolt of electricity hits you! x2
You are too injured to fight recklessly!
You are too injured to fight recklessly!
The electric eel shoots out a bolt of lightning at you!
The bolt of electricity hits you!
An adder comes into view.
Found a potion of heal wounds.
The electric eel shoots out a bolt of lightning at you!
The bolt of electricity hits you!
* * * LOW HITPOINT WARNING * * *
The electric eel shoots out a bolt of lightning at you!
The bolt of electricity hits you!
* * * LOW HITPOINT WARNING * * *
The bolt of electricity misses you.
The electric eel shoots out a bolt of lightning at you!
The bolt of electricity hits you!
You die...

.(...(# ##....#
≈≈≈.....# ..(.
#≈≈.....# .S.
#≈(.....# ...
#≈≈.....# ∆ ....
;≈.... !...≈###≈..
....≈≈≈≈≈###
.........@.#
#####...##.#
#####.######
#...##.###..........#
######..##..........#
##[##..........#
#.##.....(....#
#.##..........#
#.##..........#
#..#..........##


You could see an electric eel.

Vanquished Creatures
  Pikel (D:7)
  Prince Ribbit (D:5)
  Sigmund (D:5)
  A spriggan (D:7)
  A hungry ghost (D:6)
  Edmund (D:6)
  Duvessa (D:5)
  2 sky beasts
  An ice beast (D:6)
  2 ogres
  2 necrophages (D:7)
  A centaur (D:5)
  Blork the orc (D:6)
  6 bullfrogs
  Dowan (D:5)
  2 scorpions
  A howler monkey (D:5)
  A bullfrog zombie (D:5)
  3 crimson imps (D:6)
  A centaur skeleton (D:4)
  5 hounds
  4 orc priests
  A jelly (D:5)
  An iguana (D:7)
  3 orc wizards
  5 worker ants
  5 hound skeletons
  A worker ant zombie (D:7)
  Robin (D:2)
  3 gnolls
  9 adders
  A shadow imp (D:6)
  2 oozes (D:2)
  An adder zombie (D:7)
  2 worms (D:2)
  A dart slug (D:3)
  7 leopard geckos
  18 orcs
  9 giant cockroaches
  14 goblins
  19 hobgoblins
  4 jackals
  10 kobolds
  2 quokkas
  7 bats
  6 frilled lizards
  2 leopard gecko skeletons (D:4)
  13 rats
187 creatures vanquished.

Vanquished Creatures (others)
  A slave (D:7)
  3 orcs (D:7)
4 creatures vanquished.

Grand Total: 191 creatures vanquished

Notes
Turn   | Place    | Note
-------+----------+-------------------------------------------
     0 | D:1      | TheGoonsmith the Gnoll Ice Elementalist began the quest for the Orb.
     0 | D:1      | Reached XP level 1. HP: 13/13 MP: 6/6
   242 | D:1      | Reached XP level 2. HP: 19/19 MP: 5/7
   973 | D:2      | Reached XP level 3. HP: 25/25 MP: 7/9
   985 | D:2      | Reached skill level 5 in Spellcasting
  1109 | D:2      | Reached skill level 1 in Invocations
  1117 | D:2      | Noticed Robin
  1226 | D:2      | Killed Robin
  1226 | D:2      | Reached skill level 1 in Fighting
  1226 | D:2      | Reached skill level 1 in Short Blades
  1226 | D:2      | Reached skill level 1 in Long Blades
  1226 | D:2      | Reached skill level 1 in Axes
  1226 | D:2      | Reached skill level 1 in Maces & Flails
  1226 | D:2      | Reached skill level 1 in Polearms
  1226 | D:2      | Reached skill level 1 in Staves
  1226 | D:2      | Reached skill level 1 in Slings
  1226 | D:2      | Reached skill level 1 in Bows
  1226 | D:2      | Reached skill level 1 in Crossbows
  1226 | D:2      | Reached skill level 1 in Throwing
  1226 | D:2      | Reached skill level 1 in Armour
  1226 | D:2      | Reached skill level 1 in Shields
  1226 | D:2      | Reached skill level 1 in Unarmed Combat
  1226 | D:2      | Reached skill level 1 in Evocations
  1226 | D:2      | Reached XP level 4. HP: 31/32 MP: 8/11
  1677 | D:2      | Reached skill level 1 in Hexes
  1677 | D:2      | Reached skill level 1 in Charms
  1677 | D:2      | Reached skill level 1 in Summonings
  1677 | D:2      | Reached skill level 1 in Necromancy
  1677 | D:2      | Reached skill level 1 in Translocations
  1677 | D:2      | Reached skill level 1 in Transmutations
  1677 | D:2      | Reached skill level 1 in Fire Magic
  1677 | D:2      | Reached skill level 1 in Air Magic
  1677 | D:2      | Reached skill level 1 in Earth Magic
  1677 | D:2      | Reached skill level 1 in Poison Magic
  2165 | D:3      | Reached XP level 5. HP: 37/37 MP: 9/12
  2338 | D:3      | Learned a level 3 spell: Ozocubu's Armour
  2925 | D:4      | Noticed an ogre
  2932 | D:4      | Killed an ogre
  2932 | D:4      | Reached XP level 6. HP: 23/44 MP: 3/13
  3208 | D:4      | Reached skill level 5 in Dodging
  3408 | D:4      | Found Keoqoz's Food Shoppe.
  3859 | D:4      | Got a fine flail
  3973 | D:4      | Reached XP level 7. HP: 46/50 MP: 10/15
  4467 | D:5      | Entered Level 5 of the Dungeon
  4481 | D:5      | Identified the +1 flail of Gusucoh {flame, Str+3} (You found it on level 4 of the Dungeon)
  4874 | D:5      | Noticed Dowan
  4881 | D:5      | Noticed Duvessa
  4892 | D:5      | Killed Dowan
  4908 | D:5      | HP: 2/76 [Duvessa/rapier (3)]
  4911 | D:5      | Killed Duvessa
  4911 | D:5      | Reached skill level 5 in Stealth
  5204 | D:5      | Noticed Prince Ribbit
  5321 | D:5      | Reached XP level 8. HP: 57/57 MP: 11/16
  5340 | D:5      | Noticed Sigmund
  5351 | D:5      | Killed Sigmund
  5495 | D:5      | Killed Prince Ribbit
  5495 | D:5      | Reached skill level 6 in Spellcasting
  6151 | D:6      | Noticed Edmund
  6163 | D:6      | Killed Edmund
  6238 | D:6      | Reached XP level 9. HP: 58/65 MP: 7/18
  6470 | D:6      | Noticed Blork the orc
  6479 | D:6      | Killed Blork the orc
  6582 | D:6      | Upgraded the game from 0.22-a0-117-g314b907 to 0.22-a0-126-g307c7c3
  6796 | D:6      | Found a staircase to the Ecumenical Temple.
  6803 | Temple   | Entered the Ecumenical Temple
  6823 | Temple   | Became a worshipper of Cheibriados the Contemplative
  6842 | D:6      | Found a shimmering altar of Xom.
  6851 | D:6      | Found a hide-covered altar of Uskayaw.
  6851 | D:6      | Found a glowing golden altar of the Shining One.
  6851 | D:6      | Found an iron altar of Okawaru.
  6851 | D:6      | Found a radiant altar of Vehumet.
  6865 | D:6      | Found a bloodstained altar of Trog.
  7270 | D:7      | Noticed BigFatTexta's ghost (novice MiBe)
  7418 | D:7      | Noticed Pikel
  7440 | D:7      | Killed Pikel
  7440 | D:7      | Reached skill level 5 in Invocations
  7514 | D:7      | Reached XP level 10. HP: 73/73 MP: 20/20
  7536 | D:7      | Reached skill level 7 in Spellcasting
  7559 | D:7      | Reached * piety under Cheibriados
  7693 | D:7      | Killed from afar by an electric eel

Vault maps used:
D:1:      minmay_arrival_nine_rooms, minivault_14, st_stairs_10,
          minmay_misc_feat_roman
D:2:      grunt_decor_arrowhead, uniq_robin
D:3:      minmay_mini_jars
D:4:      serial_shops, nicolae_shop_behind_doors, first_ration
D:5:      uniq_prince_ribbit1, uniq_sigmund, uniq_duvessa
D:6:      grunt_temple_overflow_open, minmay_temple_entry_overgrown,
          uniq_blork_the_orc, uniq_edmund
D:7:      serial_undead, serial_undead_c, serial_undead_f, serial_undead_e,
          serial_undead_d, the_bakery, minmay_crystal_water, uniq_pikel
Temple:   compressed_dpeg_circular_temple

Skill      XL: |  1  2  3  4  5  6  7  8  9 10 |
---------------+-------------------------------+-----
Conjurations   | 2 3 4 |  4.6
Spellcasting   | 5 6 7 |  7.1
Invocations    | 1 2 3 4 5 |  5.3
Fighting       | 1 2 3 4 |  4.9
Short Blades   | 1 2 3 4 |  4.9
Long Blades    | 1 2 3 4 |  4.9
Axes           | 1 2 3 4 |  4.9
Maces & Flails | 1 2 3 4 |  4.9
Polearms       | 1 2 3 4 |  4.9
Staves         | 1 2 3 4 |  4.9
Slings         | 1 2 3 4 |  4.9
Bows           | 1 2 3 4 |  4.9
Crossbows      | 1 2 3 4 |  4.9
Throwing       | 1 2 3 4 |  4.9
Armour         | 1 2 3 4 |  4.9
Shields        | 1 2 3 4 |  4.9
Unarmed Combat | 1 2 3 4 |  4.9
Evocations     | 1 2 3 4 |  4.9
Hexes          | 1 2 3 4 |  4.0
Charms         | 1 2 3 4 |  4.0
Summonings     | 1 2 3 4 |  4.0
Necromancy     | 1 2 3 4 |  4.0
Translocations | 1 2 3 4 |  4.0
Transmutations | 1 2 3 4 |  4.0
Fire Magic     | 1 2 3 4 |  4.0
Air Magic      | 1 2 3 4 |  4.0
Earth Magic    | 1 2 3 4 |  4.0
Poison Magic   | 1 2 3 4 |  4.0
Dodging        | 5 6 |  6.7
Stealth        | 5 6 |  6.5
Ice Magic      | 6 |  6.9

Action                   |  1- 3 |  4- 6 |  7- 9 | 10-12 || total
-------------------------+-------+-------+-------+-------++-------
Melee: Club              |     9 |       |       |       ||     9
       Punch             |     1 |       |     1 |     1 ||     3
       Mace              |     4 |       |       |       ||     4
       Flail             |       |       |    42 |     4 ||    46
       Bite              |       |       |     3 |       ||     3
 Fire: Hunting sling     |    13 |   171 |    57 |       ||   241
       Shortbow          |       |       |   117 |    28 ||   145
 Cast: Freeze            |    46 |    83 |   144 |    14 ||   287
       Ozocubu's Armour  |       |     1 |     7 |     1 ||     9
  Use: Scroll            |       |    12 |     5 |       ||    17
       Potion            |       |       |     3 |       ||     3
  Eat: Chunk             |       |     9 |    12 |       ||    21
       Ration            |       |       |     2 |       ||     2
Armor: Robe              |     5 |    22 |    11 |       ||    38
       Skin              |       |       |     4 |       ||     4
       Leather armour    |       |       |    39 |     8 ||    47
Dodge: Dodged            |    50 |    82 |   141 |    12 ||   285

Table legend:
 A = Spawn XP
 B = Non-spawn XP
 C = Spawn XP percentage of total XP
 D = Spawn monster count
 E = Non-spawn monster count
 F = Spawn count percentage of total count
 G = Total turns spent on level
                    A         B        C        D         E        F      G
               +---------+---------+-------+---------+---------+-------+---------
         Total |       0 |    5191 |   0.0 |       0 |     187 |   0.0 |  7693
               +---------+---------+-------+---------+---------+-------+---------
           D:1 |       0 |      33 |   0.0 |       0 |      20 |   0.0 |  1026
           D:2 |       0 |     120 |   0.0 |       0 |      47 |   0.0 |  1069
           D:3 |       0 |      96 |   0.0 |       0 |      29 |   0.0 |   851
           D:4 |       0 |     372 |   0.0 |       0 |      20 |   0.0 |  1929
           D:5 |       0 |    1382 |   0.0 |       0 |      25 |   0.0 |  1257
           D:6 |       0 |    1788 |   0.0 |       0 |      31 |   0.0 |  1126
           D:7 |       0 |    1400 |   0.0 |       0 |      15 |   0.0 |   399
               +---------+---------+-------+---------+---------+-------+---------
